 Dungeon Crawl Stone Soup version 0.29-a0-9-g022ca4c890 (webtiles) character file.

Game seed: 17555594079050835469

23 Grim the Slasher (level 2, 21/26 HPs)
             Began as a Minotaur Fighter on Jan 28, 2022.
             Was a Plaything of Xom.
             Quit the game on level 1 of the Dungeon.
             The game lasted 00:01:29 (662 turns).

Grim the Slasher (Minotaur Fighter)                  Turns: 662, Time: 00:01:29

Health: 21/26      AC:  6    Str: 20    XL:     2   Next: 75%
Magic:  1/1        EV:  9    Int:  5    God:    Xom [..*...]
Gold:   34         SH:  4    Dex:  9    Spells: 1/1 levels left

rFire   . . .      SeeInvis .   a - +0 long sword
rCold   . . .      Faith    .   c - +0 buckler
rNeg    . . .      Spirit   .   b - +0 scale mail
rPois   .          Reflect  .   (helmet restricted)
rElec   .          Harm     .   (no cloak)
rCorr   .          Rampage  .   (no gloves)
Will    .....                   (no boots)
Stlth   ..........              (no amulet)
HPRegen 0.08/turn               (no ring)
MPRegen 0.07/turn               (no ring)

@: no status effects
A: horns 2, retaliatory headbutt
a: Renounce Religion


You were on level 1 of the Dungeon.
You worshipped Xom.
You were a toy of Xom.
You visited 1 branch of the dungeon, and saw 1 of its levels.

You collected 34 gold pieces.

Inventory:

Hand Weapons
 a - a +0 long sword (weapon)
Missiles
 g - 11 poisoned darts (quivered)
Armour
 b - a +0 scale mail (worn)
 c - a +0 buckler (worn)
Scrolls
 f - 2 scrolls of enchant weapon {unknown}
 h - 4 scrolls of teleportation {unknown}
 i - a scroll of magic mapping {unknown}
 l - a scroll of blinking {unknown}
Potions
 d - a potion of might
 e - a potion of heal wounds {unknown}
 j - a potion of curing {unknown}
 k - a potion of cancellation {unknown}


   Skills:
 - Level 3.6 Fighting
 + Level 4.1 Long Blades
 - Level 3.6 Armour
 - Level 3.6 Shields


You had one spell level left.
You didn't know any spells.
Your spell library was empty.

Dungeon Overview and Level Annotations

Branches:
Dungeon (1/15)

Altars:
Xom

Shops:
D:1 [[*


Innate Abilities, Weirdness & Mutations

You have a pair of horns on your head.
You reflexively headbutt those who attack you in melee.


Message History

The bat hits you but does no damage.
You hit the bat.
You kill the bat! "Let's try an experiment, hmmm?"
Your scroll labelled EROAWAITARI falls out of your pack, then immediately jumps back in!
The giant cockroach bites you.
You see here 23 bolts.
You barely miss the giant cockroach.
Your headbutt misses the giant cockroach.
The giant cockroach closely misses you.
The giant cockroach bites you but does no damage.
You slash the giant cockroach!
You kill the giant cockroach!
No target in view! "See what I see, my child!"
You detect items!
You now have 34 gold pieces (gained 14).
A quokka comes into view.
A quokka is nearby!
The quokka closely misses you.
You barely miss the quokka. The quokka barely misses you.
You block the quokka's attack.
You hit the quokka but do no damage.
You headbutt the quokka, but do no damage.
The quokka bites you but does no damage. x2
You barely miss the quokka. Your headbutt misses the quokka.
The quokka bites you but does no damage.
You barely miss the quokka. The quokka closely misses you.
The quokka bites you.
You completely miss the quokka. The quokka bites you.
You barely miss the quokka.
The quokka bites you but does no damage.
You block the quokka's attack.
You hit the quokka. You headbutt the quokka.
You kill the quokka!
You see here a quokka corpse.
Found 7 gold pieces.
Are you sure you want to abandon this character and quit the game? (Confirm with "yes".)
Okay, then.
Are you sure you want to abandon this character and quit the game? (Confirm with "yes".)

.......<...
#...#
#####.....#
#.$.. ##...##
#.... ##+##
#.... #....
#....
#....#########
#....@†......#
#######......#
#..#.#.#
#......#
##.#.#.#
#..(..# ###.###
#.#
####.##########


There were no monsters in sight!

Vanquished Creatures
  2 ball pythons (D:1)
  An endoplasm (D:1)
  3 giant cockroaches (D:1)
  3 goblins (D:1)
  A hobgoblin (D:1)
  A kobold (D:1)
  2 quokkas (D:1)
  2 bats (D:1)
  2 frilled lizards (D:1)
  4 rats (D:1)
21 creatures vanquished.

Notes
Turn   | Place    | Note
-------+----------+-------------------------------------------
     0 | D:1      | Grim the Minotaur Fighter began the quest for the Orb.
     0 | D:1      | Reached XP level 1. HP: 19/19 MP: 0/0
    42 | D:1      | Found Piunyom's Antique Armour Shoppe.
    54 | D:1      | Found Difofoi's Antique Armour Emporium.
    59 | D:1      | Reached skill level 3 in Long Blades
   117 | D:1      | Reached XP level 2. HP: 26/26 MP: 1/1
   332 | D:1      | Found Ygeuseoc's General Store.
   554 | D:1      | Found a faded altar of an unknown god.
   568 | D:1      | Prayed at the altar of an unknown god.
   568 | D:1      | Became a worshipper of Xom the Psychopath
   590 | D:1      | Reached skill level 4 in Long Blades
   619 | D:1      | XOM: silly message
   637 | D:1      | XOM: divination: detect items
   662 | D:1      | Quit the game

Illustrated notes

Levels and vault maps discovered:
D:1:      giann_horns, layout_basic, dreamdust_ecumenical_altar_grove,
          serial_shops, nicolae_shop_waterfront, shop, nicolae_shop_waterfront,
          shop, shop, serial_glass, glass_columns_a, glass_columns_a,
          hangedman_decor_diamond_cutter

Skill      XL: |  1  2 |
---------------+-------+-----
Long Blades    | 3 4 |  4.1
Fighting       | |  3.6
Armour         | |  3.6
Shields        | |  3.6

Action                   || total
-------------------------++-------
Melee: Long sword        ||    45
       Headbutt          ||     6
Armor: Scale mail        ||    16
Dodge: Dodged            ||    21
Block: Buckler           ||    10

Table legend: (Time is in decaauts)
 A = Elapsed time spent in this place.
 B = Non-inter-level travel time spent in this place.
 C = Inter-level travel time spent in this place.
 D = Time resting spent in this place.
 E = Time spent auto-exploring this place.
 F = Levels seen in this place.
 G = Mean time per level.
                   A        B        C        D        E       F      G
               +--------+--------+--------+--------+--------+-----+--------+
         Total |    674 |    674 |      0 |      0 |    544 |   1 |  674.0 |
       Dungeon |    674 |    674 |      0 |      0 |    544 |   1 |  674.0 |
               +--------+--------+--------+--------+--------+-----+--------+

Top non-repeatable levels by time:
     D:1: 674 daAuts
